 Dungeon Sprint DCSS version 0.30-a0-358-g0d69a1922f (webtiles) character file.

Game seed: 6084254024412313080

20501 mhtbhm the Ninja (level 12, -6/70 HPs)
             Began as a Spriggan Brigand on Nov 11, 2022.
             Was the Champion of Dithmenos.
             Killed from afar by a frost giant (36 damage)
             ... with a bolt of cold
             ... in the Dungeon (Sprint IX: "|||||||||||||||||||||||||||||").
             The game lasted 00:11:07 (4000 turns).

mhtbhm the Ninja (Spriggan Brigand)                 Turns: 4000, Time: 00:11:07

Health: -6/70      AC:  5    Str:  4    XL:     12   Next: 45%
Magic:  22/22      EV: 33    Int: 19    God:    Dithmenos [******]
Gold:   110        SH:  5    Dex: 22    Spells: 11/11 levels left

rFire   . . .      SeeInvis +    a - +11 rapier "Daatt" {vorpal, rPois rN+ Str-3 Int+7}
rCold   . . .      Faith    .    (no shield)
rNeg    + . .      Spirit   .    b - +2 robe {Will+}
rPois   +          Reflect  +    (helmet restricted)
rElec   .          Harm     .    c - +0 cloak
rCorr   .          Rampage  .    (gloves unavailable)
Will    +++..      NoTele   +    (boots unavailable) Stlth *********+
                                 x - amulet of reflection
HPRegen 0.31/turn                C - ring of poison resistance
MPRegen 0.18/turn                o - +2 ring of evasion

@: wreathed by umbra, very quick
A: very small, no large weapons, unfitting armour, see invisible, speed 3
a: Renounce Religion, Shadow Step, Shadow Form


You were in the Dungeon.
You worshipped Dithmenos.
Dithmenos was exalted by your worship.
You visited 1 branch You collected 1934 gold pieces.
You spent 1824 gold pieces at shops.

Inventory:

Hand Weapons
 a - the +11 rapier "Daatt" (weapon) {vorpal, rPois rN+ Str-3 Int+7}
   (You bought it in a shop in the Dungeon)

   It inflicts extra damage upon your enemies.
   Str:       It affects your strength (-3).
   Int:       It affects your intelligence (+7).
   rPois:     It protects you from poison.
   rN:        It protects you from negative energy.
 y - the +5 dagger "Vitentua" {speed, rF+ rN+}
   (You bought it in a shop in the Dungeon)

   Attacks with this weapon are significantly faster.
   rF:        It protects you from fire.
   rN:        It protects you from negative energy.
Missiles
 d - 8 poisoned darts (quivered)
 e - 2 curare-tipped darts
 B - 2 throwing nets
Armour
 b - a +2 robe of willpower (worn)
 c - a +0 cloak (worn)
Jewellery
 o - a +2 ring of evasion (right hand)
 x - an amulet of reflection (around neck)
 C - a ring of poison resistance (left hand)
 D - a ring of willpower
Scrolls
 k - 4 scrolls of blinking
 l - 2 scrolls of amnesia
 r - 2 scrolls of fog
 s - a scroll of fear
 t - 6 scrolls of enchant weapon
 u - 3 scrolls of identify
 z - a scroll of immolation
Potions
 f - 7 potions of curing
 g - 7 potions of heal wounds
 h - 3 potions of haste
 i - 4 potions of magic
 j - a potion of resistance
 m - 3 potions of berserk rage
 p - a potion of brilliance
 q - a potion of might
 v - a potion of experience
 w - a potion of mutation
 A - a potion of cancellation


   Skills:
 + Level 11.5 Fighting
 + Level 17.9 Short Blades
 - Level 4.5 Throwing
 + Level 2.3 Armour
 + Level 14.6 Dodging
 O Level 27 Stealth
 * Level 12.6 Invocations
 - Level 2.2 Evocations


You had 11 spell levels left.
You didn't know any spells.
Your spell library was empty.

Dungeon Overview and Level Annotations

Branches:
Dungeon (1/1)

Altars:
Cheibriados
Dithmenos
Elyvilon
Fedhas
Gozag
Hepliaklqana
Kikubaaqudgha
Makhleb
Nemelex Xobeh
Okawaru
Qazlal
Ru
Sif Muna
Trog
Uskayaw
Vehumet
Wu Jian
Xom
Yredelemnul
Zin
The Shining One
Jiyva
Lugonu

Shops:
D **(!


Innate Abilities, Weirdness & Mutations

You are very small and have problems with some larger weapons.
You are too small for most types of armour.
You have supernaturally acute eyesight. (SInv)
You cover ground extremely quickly. (Speed+++)


Message History

The frost giant barely misses you.
You hit the frost giant.
The frost giant is heavily wounded.
You impale the frost giant!!
The frost giant is severely wounded.
The frost giant hits you with a +0 battleaxe of freezing!!!
Ouch! That really hurt!
You emit a cloud of dark smoke.
The frost giant freezes you!!
* * * LOW HITPOINT WARNING * * *
You are too injured to fight recklessly!
You are too injured to fight recklessly!
You are too injured to fight recklessly!
You are too injured to fight recklessly!
You are too injured to fight recklessly!
You are too injured to fight recklessly!
You are too injured to fight recklessly!
You are too injured to fight recklessly!
You are too injured to fight recklessly!
You are too injured to fight recklessly!
You are too injured to fight recklessly!
You are too injured to fight recklessly!
You are too injured to fight recklessly!
You are too injured to fight recklessly!
You are too injured to fight recklessly!
You are too injured to fight recklessly!
You are too injured to fight recklessly!
You are too injured to fight recklessly!
You are too injured to fight recklessly!
You are too injured to fight recklessly!
You are too injured to fight recklessly!
You feel much better. The frost giant barely misses you.
Unknown command.
You puncture the frost giant!
The frost giant is almost dead.
You hit the frost giant but do no damage.
The frost giant is almost dead.
The frost giant gestures at you while chanting.
The bolt of cold hits you!!!
Ouch! That really hurt!
You die...

▓▓▓▓▓▓▓▓▓▓▓▓▓▓▓▓▓▓▓▓▓▓▓▓▓▓▓▓▓▓▓▓▓
......'.=...))§§@C§).[[R☼[[[[....
▓▓▓▓▓▓▓▓▓▓▓▓▓▓▓▓▓▓▓▓▓▓▓▓▓▓▓▓▓▓▓▓▓
..............................)..
▓▓▓▓▓▓▓▓▓▓▓▓▓▓▓▓▓▓▓▓▓▓▓▓▓▓▓▓▓▓▓▓▓
.)...))...'))))))))))...)).)....)
▓▓▓▓▓▓▓▓▓▓▓▓▓▓▓▓▓▓▓▓▓▓▓▓▓▓▓▓▓▓▓▓▓
...................).............
▓▓▓▓▓▓▓▓▓▓▓▓▓▓▓▓▓▓▓▓▓▓▓▓▓▓▓▓▓▓▓▓▓
†.†.'......[).....†††.......'....


You could see a frost giant.

Vanquished Creatures
  3 dire elephants (D)
  Harold (D)
  A hydra (D)
  2 centaur warriors (D)
  2 two-headed ogres (D)
  4 ogre magi (D)
  A tengu warrior (D)
  2 orc high priests (D)
  2 orc knights (D)
  A deep elf pyromancer (D)
  2 ugly things (D)
  2 cyclopes (D)
  5 elephants (D)
  A black mamba (D)
  5 cane toads (D)
  An efreet (D)
  2 komodo dragons (D)
  A polar bear (D)
  A troll (D)
  A meliai (D)
  A shadow (D)
  2 yaks (D)
  A wyvern (D)
  A steam dragon (D)
  A yak (shapeshifter) (D)
  2 water moccasins (D)
  8 orc warriors (D)
  8 ogres (D)
  A centaur (D)
  A wolf (D)
  A kobold brigand (D)
  2 bullfrogs (D)
  A necrophage (D)
  2 scorpions (D)
  2 orc priests (D)
  4 orc wizards (D)
  10 orcs (D)
  A bat (D)
  2 endoplasms (D)
  A kobold (D)
  A rat (D)
93 creatures vanquished.

Vanquished Creatures (others)
  A jackal simulacrum (D)
1 creature vanquished.

Grand Total: 94 creatures vanquished

Notes
Turn   | Place    | Note
-------+----------+-------------------------------------------
     0 | D        | mhtbhm the Spriggan Brigand began the quest for the Orb.
     0 | D        | Reached XP level 1. HP: 10/10 MP: 2/2
     6 | D        | Reached skill level 6 in Stealth
    10 | D        | Reached skill level 7 in Stealth
   118 | D        | Noticed a scorpion
   118 | D        | Noticed a scorpion
   118 | D        | Noticed a necrophage
   120 | D        | Killed a scorpion
   121 | D        | Reached skill level 11 in Stealth
   121 | D        | Reached XP level 2. HP: 15/15 MP: 3/3
   121 | D        | Reached XP level 3. HP: 18/18 MP: 4/4
   122 | D        | Killed a scorpion
   123 | D        | Reached skill level 13 in Stealth
   123 | D        | Reached XP level 4. HP: 23/23 MP: 5/5
   132 | D        | Killed a necrophage
   133 | D        | Reached skill level 15 in Stealth
   133 | D        | Reached XP level 5. HP: 28/28 MP: 6/6
   145 | D        | Found a snail-covered altar of Cheibriados.
   145 | D        | Found a shadowy altar of Dithmenos.
   145 | D        | Found a white marble altar of Elyvilon.
   145 | D        | Found a blossoming altar of Fedhas.
   145 | D        | Found an opulent altar of Gozag.
   146 | D        | Found a hazy altar of Hepliaklqana.
   147 | D        | Found a viscous altar of Jiyva.
   148 | D        | Found an ancient bone altar of Kikubaaqudgha.
   149 | D        | Found a corrupted altar of Lugonu.
   150 | D        | Found a burning altar of Makhleb.
   151 | D        | Found a sparkling altar of Nemelex Xobeh.
   152 | D        | Found an iron altar of Okawaru.
   153 | D        | Found a stormy altar of Qazlal.
   154 | D        | Found a sacrificial altar of Ru.
   155 | D        | Found a shimmering blue altar of Sif Muna.
   164 | D        | Became a worshipper of Dithmenos the Shadowed
   171 | D        | Found a bloodstained altar of Trog.
   172 | D        | Found a hide-covered altar of Uskayaw.
   173 | D        | Found a radiant altar of Vehumet.
   174 | D        | Found an ornate altar of the Wu Jian Council.
   175 | D        | Found a shimmering altar of Xom.
   176 | D        | Found a basalt altar of Yredelemnul.
   177 | D        | Found a glowing silver altar of Zin.
   178 | D        | Found a glowing golden altar of the Shining One.
   207 | D        | Noticed a centaur
   207 | D        | Noticed a steam dragon
   207 | D        | Noticed a shadow
   207 | D        | Noticed a troll
   211 | D        | Killed a centaur
   212 | D        | Reached skill level 5 in Short Blades
   212 | D        | Reached skill level 17 in Stealth
   212 | D        | Reached XP level 6. HP: 32/32 MP: 7/7
   213 | D        | Killed a steam dragon
   213 | D        | Reached * piety under Dithmenos
   214 | D        | Reached skill level 18 in Stealth
   216 | D        | Reached skill level 19 in Stealth
   217 | D        | Killed a shadow
   218 | D        | Reached skill level 20 in Stealth
   218 | D        | Reached XP level 7. HP: 37/37 MP: 8/8
   219 | D        | Killed a troll
   219 | D        | Reached ** piety under Dithmenos
   220 | D        | Reached skill level 21 in Stealth
   340 | D        | Noticed an efreet
   340 | D        | Noticed a centaur warrior
   340 | D        | Noticed a green ugly thing
   340 | D        | Noticed a yak
   340 | D        | Noticed a meliai
   340 | D        | Noticed a cyclops
   342 | D        | Killed an efreet
   343 | D        | Reached skill level 22 in Stealth
   343 | D        | Reached XP level 8. HP: 42/42 MP: 9/9
   349 | D        | Killed a centaur warrior
   350 | D        | Reached skill level 24 in Stealth
   354 | D        | Killed a green ugly thing
   355 | D        | Reached skill level 5 in Fighting
   355 | D        | Reached skill level 25 in Stealth
   355 | D        | Reached XP level 9. HP: 19/47 MP: 10/10
   357 | D        | Reached *** piety under Dithmenos
   358 | D        | Reached skill level 26 in Stealth
   360 | D        | Killed a meliai
   363 | D        | Killed a cyclops
   364 | D        | Reached skill level 1 in Armour
   364 | D        | Reached skill level 27 in Stealth
   364 | D        | Reached skill level 1 in Evocations
   492 | D        | Noticed a cane toad
   493 | D        | Noticed a cane toad
   495 | D        | Reached **** piety under Dithmenos
   496 | D        | Reached skill level 5 in Dodging
   496 | D        | Noticed a polar bear
   665 | D        | Reached skill level 1 in Invocations
   673 | D        | Reached skill level 10 in Short Blades
   812 | D        | Killed a cane toad
   812 | D        | Reached ***** piety under Dithmenos
   905 | D        | Killed a cane toad
   906 | D        | Reached XP level 10. HP: 22/53 MP: 12/14
  1100 | D        | Noticed a black mamba
  1100 | D        | Noticed a four-headed hydra
  1100 | D        | Noticed a cane toad
  1100 | D        | Noticed a cane toad
  1101 | D        | Noticed a cane toad
  1108 | D        | Killed a black mamba
  1109 | D        | Reached skill level 5 in Invocations
  1294 | D        | Killed a four-headed hydra
  1420 | D        | Killed a cane toad
  1641 | D        | Killed a cane toad
  1653 | D        | Reached ****** piety under Dithmenos
  1767 | D        | Killed a cane toad
  2080 | D        | Noticed a dire elephant
  2080 | D        | Noticed an elephant
  2080 | D        | Noticed an elephant
  2080 | D        | Noticed an elephant
  2080 | D        | Noticed an elephant
  2080 | D        | Noticed an elephant
  2081 | D        | Noticed a dire elephant
  2082 | D        | Killed a dire elephant
  2083 | D        | Noticed a dire elephant
  2084 | D        | Killed an elephant
  2085 | D        | Reached XP level 11. HP: 60/60 MP: 16/18
  2087 | D        | Reached skill level 10 in Dodging
  2147 | D        | Killed a dire elephant
  2159 | D        | Killed a dire elephant
  2168 | D        | Reached skill level 15 in Short Blades
  2592 | D        | Noticed an orc knight
  2593 | D        | Noticed an orc knight
  2732 | D        | Killed an orc knight
  2780 | D        | Killed an orc knight
  2781 | D        | Reached skill level 10 in Invocations
  2952 | D        | Noticed an orc high priest
  2953 | D        | Noticed an orc high priest
  2973 | D        | Killed an orc high priest
  3169 | D        | Killed an orc high priest
  3357 | D        | Found Veal's General Store.
  3357 | D        | Noticed an ogre mage
  3357 | D        | Noticed an ogre mage
  3359 | D        | Killed an ogre mage
  3360 | D        | Reached skill level 10 in Fighting
  3360 | D        | Found Hotaexom's General Store.
  3364 | D        | Found Bepnonu's Antique Weapon Emporium.
  3365 | D        | Killed an ogre mage
  3368 | D        | Found Dakuosyrph's Distillery.
  3369 | D        | Noticed a two-headed ogre
  3372 | D        | Noticed an ogre mage
  3375 | D        | Noticed a two-headed ogre
  3425 | D        | Killed a two-headed ogre
  3426 | D        | Reached XP level 12. HP: 68/68 MP: 21/21
  3440 | D        | Killed an ogre mage
  3482 | D        | Killed a two-headed ogre
  3532 | D        | Bought a smoking rapier for 216 gold pieces
  3532 | D        | Identified the +11 rapier "Daatt" {vorpal, rPois rN+ Str-3
                  | Int+7} (You bought it in a shop in the Dungeon)
  3535 | D        | Bought 2 potions of berserk rage for 120 gold pieces
  3535 | D        | Bought a potion of experience for 600 gold pieces
  3535 | D        | Bought a potion of mutation for 96 gold pieces
  3535 | D        | Bought a potion of berserk rage for 60 gold pieces
  3539 | D        | Bought an amulet of reflection for 360 gold pieces
  3545 | D        | Bought a fading dagger for 168 gold pieces
  3545 | D        | Identified the +5 dagger "Vitentua" {speed, rF+ rN+} (You
                  | bought it in a shop in the Dungeon)
  3551 | D        | Bought a potion of curing for 36 gold pieces
  3551 | D        | Bought a scroll of identify for 24 gold pieces
  3551 | D        | Bought a scroll of immolation for 48 gold pieces
  3562 | D        | Bought a potion of cancellation for 96 gold pieces
  3628 | D        | Noticed Harold
  3635 | D        | Killed Harold
  3762 | D        | Noticed an ogre mage
  3762 | D        | Noticed a centaur warrior
  3763 | D        | Noticed a tengu warrior
  3770 | D        | Killed an ogre mage
  3773 | D        | Noticed a frost giant
  3779 | D        | Noticed a stone giant
  3784 | D        | Killed a centaur warrior
  3986 | D        | Killed a tengu warrior
  4000 | D        | Killed from afar by a frost giant

Illustrated notes

Levels and vault maps discovered:
D:        linesprint [early_d, line_temple, items_1, d_10, items_2, lair_1,
          lair_end, items_3, orc_1, orc_end, items_4, d_15, swamp_1, shoals_1,
          snake_1, spider_1, d_20, vaults_1, items_5, swamp_end, shoals_end,
          snake_end, spider_end, vaults_end, d_27, items_6, zot_1, zot_end,
          crypt_end, forest_end, elf_end, slime_end, tomb_end, abyss_end,
          pan_hell_end]

Skill      XL: |  1  2  3  4  5  6  7  8  9 10 11 12 |
---------------+-------------------------------------+-----
Stealth        | 11 13 15 17 20 22 25 27 | 27.0
Fighting       | 2 3 4 5 6 8 10 11 | 11.5
Short Blades   | 3 4 5 6 7 8 10 13 16 17 | 17.9
Dodging        | 2 3 4 6 9 13 14 | 14.6
Throwing       | 3 4 |  4.5
Armour         | 1 2 |  2.3
Evocations     | 2 |  2.2
Invocations    | 4 8 11 12 | 12.6

Action                   |  1- 3 |  4- 6 |  7- 9 | 10-12 || total
-------------------------+-------+-------+-------+-------++-------
Melee: Dagger            |    10 |     9 |       |       ||    19
       Rapier            |       |     5 |    58 |   347 ||   410
       Punch             |       |       |       |     5 ||     5
Throw: Dart              |       |       |       |    30 ||    30
Invok: Shadow Form       |       |       |       |     2 ||     2
 Abil: End Transformatio |       |       |       |     2 ||     2
Evoke: Wand              |       |       |     2 |     8 ||    10
  Use: Potion            |       |     1 |     2 |     1 ||     4
 Stab: Sleeping          |     6 |     5 |     3 |    14 ||    28
       Invisible         |       |       |     5 |    10 ||    15
       Distracted        |       |       |     2 |     5 ||     7
Armor: Robe              |       |     1 |     1 |     4 ||     6
       Troll leather arm |       |       |     4 |       ||     4
Dodge: Dodged            |     2 |     4 |    42 |   170 ||   218

Table legend: (Time is in decaauts)
 A = Elapsed time spent in this place.
 B = Non-inter-level travel time spent in this place.
 C = Inter-level travel time spent in this place.
 D = Time resting spent in this place.
 E = Time spent auto-exploring this place.
 F = Levels seen in this place.
 G = Mean time per level.
                   A        B        C        D        E       F      G
               +--------+--------+--------+--------+--------+-----+--------+
         Total |   3228 |   3228 |      0 |   1741 |    387 |   1 | 3228.0 |
       Dungeon |   3228 |   3228 |      0 |   1741 |    387 |   1 | 3228.0 |
               +--------+--------+--------+--------+--------+-----+--------+

Top non-repeatable levels by time:
       D: 3228 daAuts
